 Dungeon Crawl Stone Soup version 0.24-a0-291-g79c1ce7 (webtiles) character file.

Game seed: 5521925400262768499

241 galech the Skirmisher (level 5, -1/42 HPs)
             Began as a Demonspawn Fighter on May 9, 2019.
             Slain by Edmund
             ... wielding a +0 dire flail of protection
              (4 damage)
             ... on level 5 of the Dungeon.
             The game lasted 00:03:44 (1786 turns).

galech the Skirmisher (Demonspawn Fighter)          Turns: 1786, Time: 00:03:45

Health: -1/42      AC:  9    Str: 13 (16) XL:     5   Next: 80%
Magic:  5/5        EV:  3    Int:  7 (9)  God:
Gold:   158        SH:  8    Dex:  9 (14) Spells: 4/4 levels left

rFire    . . .     SeeInvis .   a - +0 war axe
rCold    . . .     Gourm    .   c - +0 shield
rNeg     . . .     Faith    .   o - +0 chain mail
rPois    .         Spirit   .   (no helmet)
rElec    .         Reflect  .   (no cloak)
rCorr    .         Harm     .   (no gloves)
MR       .....                  (no boots)
Stlth    ..........             (no amulet)
HPRegen  0.14/turn              (no ring)
MPRegen  0.09/turn              (no ring)

@: no status effects
A: talons 1, powered by death 2
a: no special abilities


You were on level 5 of the Dungeon.
You were not hungry.

You visited 1 branch of the dungeon, and saw 4 of its levels.

You collected 158 gold pieces.

Inventory:

Hand Weapons
 a - a +0 war axe (weapon)
Armour
 c - a +0 shield (worn)
 o - a +0 chain mail (worn)
Scrolls
 g - 2 scrolls of remove curse
 j - a scroll of blinking
 k - a scroll of random uselessness
 l - 2 scrolls of fog
 m - a scroll of fear
Potions
 i - 2 potions of brilliance
Comestibles
 f - 4 rations


   Skills:
 + Level 3.8 Fighting
 + Level 3.7 Axes
 + Level 3.5 Armour
 + Level 0.9 Dodging
 + Level 3.5 Shields


You had 4 spell levels left.
You didn't know any spells.
Your spell library was empty.

Dungeon Overview and Level Annotations

Branches:
Dungeon (3/15)

Altars:
Dithmenos

Shops:
D:5 *

Annotations:
D:5 Dowan, Duvessa, Edmund


Innate Abilities, Weirdness & Mutations

You have sharp toenails.
You regenerate health from kills.


Message History

Edmund hits you with a +0 dire flail of protection!
* * * LOW HITPOINT WARNING * * *
The quasit completely misses you. You block the quasit's attack.
The quasit claws you.
* * * LOW HITPOINT WARNING * * *
You feel clumsy.
Edmund hits you with a +0 dire flail of protection.
* * * LOW HITPOINT WARNING * * *
You closely miss Edmund. You miss the quasit. The quasit barely misses you.
You block the quasit's attack.
The quasit claws you but does no damage.
Edmund hits you but does no damage. You block the quasit's attack. x2
The quasit claws you but does no damage.
The crimson imp blinks!
Unknown command.
You hit Edmund but do no damage. You hit the quasit but do no damage.
The quasit bites you but does no damage.
You block the quasit's attack. x2
Edmund hits you with a +0 dire flail of protection.
You die...

### #####.##
...##...|5.#
.......@...#
......5@...#
..........##
$..........#
.............
.....ยง........
......###......
...... ......


You could see Edmund, a quasit and a crimson imp.

Vanquished Creatures
  A crimson imp (D:5)
  2 jellies (D:5)
  An orc priest (D:3)
  A gnoll (D:1)
  An adder (D:2)
  An ooze (D:2)
  An adder zombie (D:5)
  A worm (D:2)
  3 dart slugs
  2 leopard geckos
  9 orcs
  4 giant cockroaches
  9 goblins
  4 hobgoblins
  13 bats
  3 frilled lizards (D:2)
  A giant cockroach zombie (D:5)
  7 kobolds
  A quokka skeleton (D:5)
  8 rats
73 creatures vanquished.

Notes
Turn   | Place    | Note
-------+----------+-------------------------------------------
     0 | D:1      | galech the Demonspawn Fighter began the quest for the Orb.
     0 | D:1      | Reached XP level 1. HP: 18/18 MP: 1/1
   236 | D:1      | Gained mutation: You regenerate a little health from kills.
                  | [demonic ancestry]
   236 | D:1      | Reached XP level 2. HP: 24/24 MP: 2/2
   441 | D:1      | Reached XP level 3. HP: 29/29 MP: 3/3
   929 | D:2      | Gained mutation: You have sharp toenails. [demonic
                  | ancestry]
   929 | D:2      | Reached XP level 4. HP: 33/35 MP: 4/4
  1062 | D:2      | Found a shadowy altar of Dithmenos.
  1520 | D:3      | Gained mutation: You regenerate health from kills. [demonic
                  | ancestry]
  1520 | D:3      | Reached XP level 5. HP: 42/42 MP: 5/5
  1582 | D:3      | You fall through a shaft for 2 floors!
  1582 | D:5      | Entered Level 5 of the Dungeon
  1705 | D:5      | Found Vokkig's General Store.
  1762 | D:5      | Noticed Duvessa
  1762 | D:5      | Noticed Dowan
  1776 | D:5      | Noticed Edmund
  1786 | D:5      | Slain by Edmund

Levels and vault maps discovered:
D:1:      psy_arrival_conway, layout_basic
D:2:      layout_rooms, grunt_dithmenos_smoke_and_mirrors,
          minmay_fractal_squares_gapless_5
D:3:      layout_loops_ring, chequers_jeans
D:5:      layout_cave_pods, vehumet_statue, cheibrodos_sewer_entry_drain,
          first_ration, serial_shops, shop_fountains, minivault_26, uniq_edmund,
          uniq_duvessa

Skill      XL: |  1  2  3  4 |
---------------+-------------+-----
Shields        | 3 |  3.5
Axes           | 2 3 |  3.7
Armour         | 3 |  3.5
Fighting       | |  3.8
Dodging        | |  0.9

Action                   |  1- 3 |  4- 6 || total
-------------------------+-------+-------++-------
Melee: War axe           |   115 |   112 ||   227
       Kick              |       |    27 ||    27
  Use: Potion            |     4 |     2 ||     6
       Scroll            |       |     7 ||     7
  Eat: Chunk             |       |     3 ||     3
Armor: Scale mail        |    67 |    28 ||    95
       Chain mail        |       |    46 ||    46
Dodge: Dodged            |    56 |    32 ||    88
Block: Shield            |    66 |    58 ||   124

Table legend:
 A = Non-vault XP
 B = Vault XP
 C = Vault XP percentage of total XP
 D = Non-vault monster count
 E = Vault monster count
 F = Vault count percentage of total count
                 A         B        C        D         E       F
            +---------+---------+-------+---------+---------+-------
      Total |     343 |       2 |   0.6 |      71 |       2 |   2.7
            +---------+---------+-------+---------+---------+-------
        D:1 |      45 |       0 |   0.0 |      18 |       0 |   0.0
        D:2 |      57 |       2 |   3.4 |      21 |       2 |   8.7
        D:3 |      92 |       0 |   0.0 |      25 |       0 |   0.0
        D:5 |     149 |       0 |   0.0 |       7 |       0 |   0.0
            +---------+---------+-------+---------+---------+-------
